 Dungeon Crawl Stone Soup version 0.28.0-62-gf88900778d (webtiles) character file.

Game seed: 7272232674458587783

35 Coron the Sneak (level 3, 8/34 HPs)
             Began as a Deep Dwarf Delver on Apr 1, 2023.
             Was an Initiate of Ashenzari.
             Quit the game on level 1 of the Dungeon.
             The game lasted 00:03:26 (605 turns).

Coron the Sneak (Deep Dwarf Delver)                  Turns: 605, Time: 00:03:27

Health: 8/34       AC:  3    Str: 17    XL:     3   Next: 17%
Magic:  3/3        EV: 12    Int: 10    God:    Ashenzari [......]
Gold:   35         SH:  0    Dex: 14    Spells: 2/2 levels left

rFire   . . .      SeeInvis .   a - +0 hand axe
rCold   . . .      Faith    .   (no shield)
rNeg    . . .      Spirit   .   b - +0 leather armour
rPois   .          Reflect  .   (no helmet)
rElec   .          Harm     .   (no cloak)
rCorr   .          Rampage  .   (no gloves)
Will    .....                   (no boots)
Stlth   +++.......              (no amulet)
HPRegen 0.00/turn               (no ring)
MPRegen 0.08/turn               (no ring)

@: no status effects
A: damage resistance, heal wounds, sense surroundings 1, no regeneration
a: Heal Wounds, Renounce Religion, Curse Item


You were on level 1 of the Dungeon.
You worshipped Ashenzari.
Ashenzari was noncommittal.
You visited 1 branch of the dungeon, and saw 5 of its levels.

You collected 35 gold pieces.

Inventory:

Hand Weapons
 a - a +0 hand axe (weapon)
Missiles
 l - 29 stones
Armour
 b - a +0 leather armour (worn)
Wands
 g - a wand of digging (3)
Scrolls
 c - a scroll of fog
 d - a scroll of magic mapping
 e - a scroll of fear
 i - a scroll of vulnerability {unknown}
 o - a scroll of enchant armour {unknown}
Potions
 f - a potion of haste
 h - 2 potions of might
 j - a potion of resistance
 k - a potion of curing {unknown}
 m - a potion of flight


   Skills:
 + Level 3.0 Fighting
 - Level 3.0 Axes
 - Level 2.0 Armour
 - Level 2.1 Dodging
 - Level 6.0 Stealth


You had 2 spell levels left.
You didn't know any spells.
Your spell library was empty.

Dungeon Overview and Level Annotations

Branches:
Dungeon (5/15)
 Temple: D:4-7

Altars:
Ashenzari

Shops:
D:3 !


Innate Abilities, Weirdness & Mutations

You are resistant to damage.
You can heal yourself by infusing magical energy.
You passively map a small area around you.
You do not regenerate.


Message History

An endoplasm comes into view.
Found 22 stones.
o - a scroll labelled CIAXTOMARE
n - 2 scrolls labelled QUQIPUSHRYTS (gained 1)
As you read the scroll labelled QUQIPUSHRYTS, it crumbles to dust.
It is a scroll of identify.
h - 2 potions of might
As you read the scroll of identify, it crumbles to dust.
m - a potion of flight A bat comes into view.
An endoplasm comes into view.
You see here a scroll of identify.
n - a scroll of identify
As you read the scroll of identify, it crumbles to dust.
j - a potion of resistance The bat barely misses you.
The endoplasm quivers.
You hit the endoplasm.
The endoplasm is moderately wounded.
You closely miss the bat. The bat hits you. The endoplasm freezes you.
You are frozen.
You hit the endoplasm but do no damage.
The endoplasm is moderately wounded.
You closely miss the bat. The bat closely misses you. The endoplasm hits you.
You hit the endoplasm.
The endoplasm is heavily wounded.
The bat hits you but does no damage. The endoplasm freezes you.
You are frozen.
* * * LOW HITPOINT WARNING * * *
You hit the endoplasm but do no damage.
The endoplasm is heavily wounded.
You barely miss the bat.
The endoplasm quivers.
The bat hits you. The endoplasm hits you. The endoplasm freezes you.
You are frozen.
* * * LOW HITPOINT WARNING * * *
Are you sure you want to abandon this character and quit the game? (Confirm with "yes".)

, #.. #.........# #
* *#..#........## #
* *#.#........# #
#..#.....#.# # ,
##........... .#####
* *
###............$..:.
*
#..........>.......
*
#..................
, *
#.@................
, ,,*
#JJ..b.....(.......
* #......... ......
* ##........ ......
, ##.....#. .#....
###### *#####


You could see 2 endoplasms and a bat.

Vanquished Creatures
  2 adders (D:2)
  2 bats (D:1)
  An endoplasm (D:1)
  2 giant cockroaches
  3 goblins (D:1)
  A hobgoblin (D:2)
  A quokka (D:1)
  A frilled lizard (D:1)
  4 rats
17 creatures vanquished.

Vanquished Creatures (others)
  2 fungi (D:2)
2 creatures vanquished.

Grand Total: 19 creatures vanquished

Notes
Turn   | Place    | Note
-------+----------+-------------------------------------------
     0 | D:5      | Coron the Deep Dwarf Delver began the quest for the Orb.
     0 | D:5      | Reached XP level 1. HP: 20/20 MP: 1/1
    52 | D:5      | Noticed an iguana
   110 | D:3      | Found Imaku's Distillery.
   142 | D:2      | Found a faded altar of an unknown god.
   164 | D:2      | Prayed at the altar of an unknown god.
   164 | D:2      | Became a worshipper of Ashenzari the Shackled
   216 | D:2      | Reached XP level 2. HP: 21/28 MP: 2/2
   325 | D:2      | Reached skill level 1 in Armour
   474 | D:1      | Reached XP level 3. HP: 17/34 MP: 3/3
   489 | D:1      | You fall into a shaft and drop 1 floor!
   605 | D:1      | Quit the game

Illustrated notes

Levels and vault maps discovered:
D:1:      wander_arrival_fairy_ring, layout_rooms
D:2:      layout_loops_corners, shapermc_ecumenical_altar_ellora, uniq_sigmund
D:3:      layout_loops_ring, nemelex_dance_club_becter, serial_shops, shop,
          gammafunk_ghost_cemetery, uniq_crazy_yiuf_cottage
D:4:      layout_loops_ring, uniq_natasha
D:5:      layout_loops_ring, serial_shops, kennysheep_little_box

Skill      XL: |  1  2  3 |
---------------+----------+-----
Fighting       | 3 |  3.0
Axes           | 3 |  3.0
Armour         | 1 2 |  2.0
Dodging        | |  2.1
Stealth        | |  6.0

Action                   || total
-------------------------++-------
Melee: Hand axe          ||    59
  Use: Scroll            ||     3
 Stab: Sleeping          ||     8
Armor: Leather armour    ||    15
Dodge: Dodged            ||    35
